AoeStats
← THE RULER

MegaRandom

508434296Analyzed
3v3 RM · 9d ago on Sep 22, 2026· 35m 31s· 6 players
Game mode
Random Map
Map size
Normal (6 player)
Population
200
Speed
Normal
Resources
Standard
Victory
Conquest
Starting age
Dark Age
Ending age
Imperial Age
RankedLock teamsTeams togetherTeam positionsShared explorationLock speedFull tech treeHidden civsTurbo modeCheats
Victory
Defeat
🇵🇰 Maya · Pakistan
1647
+7
🇵🇰 Vietnamese · Pakistan
1621
+8
🇳🇴 Lithuanians · Norway
1571
+9
🇦🇷 Khmer · Argentina
1538
-11
🇦🇷 Spanish · Argentina
1393
-7
🇵🇱 Tatars · Poland
1340
-6
SP
1:11 Loom
9:25 Feudal Age
10:24 Double-Bit Axe
10:25 Horse Collar
13:01 Wheelbarrow
15:51 Castle Age
15:31 Scale Barding Armor
17:09 Bow Saw
17:41 Chain Barding Armor
18:06 Forging
18:29 Bloodlines
20:12 Iron Casting
20:16 Heavy Plow
22:09 Gold Mining
22:30 Husbandry
23:31 Hand Cart
26:31 Imperial Age
24:31 Stone Mining
26:34 Cavalier
27:54 Plate Barding Armor
28:04 Conscription
27:11 Light Cavalry
29:02 Blast Furnace
29:56 Chemistry
29:17 Ballistics
29:04 Siege Engineers
29:57 Fletching
30:30 Ballistics
30:10 Elite Ballista Elephant
31:26 Double Crossbow
31:55 Murder Holes
32:14 Fortified Wall
32:37 Masonry
32:33 Herbal Medicine
33:10 Scale Mail Armor
34:03 Pikeman
35:00 Chain Mail Armor
Borowik
2:11 Loom
12:11 Feudal Age
13:59 Horse Collar
18:12 Castle Age
19:13 Bloodlines
19:03 Husbandry
24:26 Heavy Plow
26:39 Double-Bit Axe
26:46 Gold Mining
28:09 Bow Saw
33:16 Imperial Age
33:25 Wheelbarrow
32:35 Town Watch
33:07 Forging
PistonForjado
6:58 Loom
10:44 Feudal Age
12:52 Double-Bit Axe
12:50 Horse Collar
14:26 Stone Mining
19:23 Wheelbarrow
18:45 Gold Mining
23:14 Castle Age
21:57 Bloodlines
21:53 Scale Barding Armor
21:58 Forging
22:31 Town Watch
24:38 Hand Cart
26:55 Imperial Age
24:42 Hand Cart
24:56 Chain Barding Armor
25:51 Heavy Plow
26:10 Bow Saw
28:18 Plate Barding Armor
27:51 Cavalier
31:17 Iron Casting
34:56 Blast Furnace
35:13 Husbandry
Combo Darinda
4:28 Loom
9:49 Feudal Age
10:55 Double-Bit Axe
10:53 Horse Collar
14:05 Castle Age
13:12 Scale Barding Armor
15:00 Bow Saw
16:51 Husbandry
17:41 Wheelbarrow
18:45 Gold Mining
18:46 Stone Mining
19:24 Hand Cart
18:55 Town Watch
19:59 Heavy Plow
24:20 Imperial Age
22:37 Chain Barding Armor
22:27 Forging
23:29 Stone Shaft Mining
23:10 Bloodlines
25:25 Iron Casting
24:38 Cavalier
27:07 Plate Barding Armor
26:55 Fletching
26:44 Paladin
30:09 Crop Rotation
30:43 Two-Man Saw
30:20 Bodkin Arrow
31:27 Chemistry
30:48 Ballistics
33:06 Town Patrol
34:48 Bracer
[666]_Dark
6:51 Loom
10:25 Feudal Age
11:13 Double-Bit Axe
12:04 Fletching
12:07 Gold Mining
18:35 Castle Age
17:32 Padded Archer Armor
18:37 Crossbowman
19:12 Bodkin Arrow
21:51 Ballistics
25:59 Imperial Age
26:08 Wheelbarrow
26:00 Bow Saw
26:43 Bracer
27:49 Chemistry
26:50 Arbalester
27:59 Thumb Ring
29:09 Leather Archer Armor
29:55 Hand Cart
31:15 Horse Collar
32:38 Two-Man Saw
31:30 Stone Mining
THE RULER
0:27 Loom
10:53 Feudal Age
15:01 Castle Age
13:27 Double-Bit Axe
14:10 Horse Collar
16:46 Wheelbarrow
15:56 Town Watch
16:28 Bow Saw
18:35 Gold Mining
22:04 Imperial Age
20:00 Fletching
20:10 Padded Archer Armor
20:36 Stone Mining
21:22 Ballistics
21:05 Bodkin Arrow
24:27 Conscription
24:58 Stone Shaft Mining
24:38 Bracer
26:36 Chemistry
26:45 Elite Plumed Archer
28:49 Hand Cart
32:09 Thumb Ring
31:33 Pikeman
32:14 Squires
32:54 Halberdier
36:04 Two-Man Saw
Connection lost

Rejoining the realm…

Still unreachable

The connection could not be restored.

Session expired

The server has moved on; the page needs a fresh start.